 Dungeon Crawl Stone Soup version 0.31.0-11-ge490571c62 (webtiles) character file.

Game seed: 14171890551690577956

868 qw the Skirmisher (level 7, -1/35 HPs)
             Began as a Spriggan Hunter on Feb 4, 2024.
             Killed from afar by a white imp (8 damage)
             ... with a puff of frost
             ... summoned by Eustachio
             ... on level 5 of the Dungeon.
             The game lasted 00:00:28 (3662 turns).

qw the Skirmisher (Spriggan Hunter)                 Turns: 3662, Time: 00:00:28

Health: -1/35      AC:  6    Str:  7    XL:     7   Next: 73%
Magic:  8/8        EV: 22    Int: 11    God:
Gold:   304        SH:  0    Dex: 20    Spells: 6/6 levels left

rFire   . . .        a - +2 shortbow
rCold   . . .        (shield currently unavailable)
rNeg    . . .        c - +0 robe
rPois   .            (helmet restricted)
rElec   .            (no cloak)
rCorr   .            (gloves unavailable)
SInv    +            (boots unavailable)
Will    +....        p - amulet of faith
Stlth   ++           f - +4 ring of protection
HPRegen 0.25/turn    (no ring)
MPRegen 0.11/turn

%: faith
@: very quick
A: very small, no large weapons, unfitting armour, see invisible, speed 3
a: no special abilities


You were on level 5 of the Dungeon.
You visited 1 branch of the dungeon, and saw 5 of its levels.

You collected 304 gold pieces.


Innate Abilities, Weirdness & Mutations

You are very small and have problems with some larger weapons.
You are too small for most types of armour.
You have supernaturally acute eyesight. (SInv)
You cover ground extremely quickly. (Speed+++)


   Skills:
 + Level 2.2 Fighting
 - Level 8.0 Ranged Weapons
 - Level 7.0 Dodging
 - Level 1.5 Stealth


You had 6 spell levels left.
You didn't know any spells.
Your spell library was empty.

Inventory:

Hand Weapons
 a - a +2 shortbow (weapon)
Armour
 b - a +0 robe of willpower
 c - a +0 robe (worn)
Jewellery
 d - an amulet of the acrobat
 f - a +4 ring of protection (left hand)
 o - a ring of ice
 p - an amulet of faith (around neck)
Wands
 q - a wand of polymorph (9)
Scrolls
 e - a scroll of immolation {unknown}
 j - a scroll of enchant armour
Potions
 i - 2 potions of curing
 r - a potion of magic {unknown}

Dungeon Overview and Level Annotations

Branches:
Dungeon (5/15)             Temple (0/1) D:5

Altars:
Elyvilon

Annotations:
D:5 Eustachio


Message History

You kill the shadow imp!
The shadow imp disappears in a puff of smoke!
Eustachio closely misses you.
You shoot an arrow. The arrow barely misses Eustachio.
Eustachio completely misses you.
You shoot an arrow. The arrow closely misses Eustachio.
Eustachio barely misses you.
You shoot an arrow. The arrow hits Eustachio.
Eustachio is severely wounded.
Eustachio hits you with a +0 falchion.
You shoot an arrow.
The arrow hits Eustachio but does no damage.
Eustachio is severely wounded.
Eustachio hits you but does no damage.
You shoot an arrow. The arrow barely misses Eustachio.
Eustachio casts a spell.
You shoot an arrow.
The arrow hits Eustachio but does no damage.
Eustachio is severely wounded.
Eustachio casts a spell.
Eustachio blinks!
You shoot an arrow. The arrow hits the white imp.
The white imp is moderately wounded.
The white imp barely misses you.
You shoot an arrow.
The arrow hits the white imp but does no damage.
The white imp is moderately wounded.
The white imp gestures at you. The puff of frost misses you.
You shoot an arrow.
The arrow hits the white imp but does no damage.
The white imp is moderately wounded.
The white imp gestures at you. The puff of frost hits you.
You shoot an arrow.
The arrow completely misses the white imp.
The arrow misses Eustachio.
The white imp gestures at you. The puff of frost hits you!
You die...

..........#...............#......
..........#...........[...+......
....#.....#...............#<..##.
#######...##.....###'######...##.
#.....#.....#............#..
#.....#.....#............#..
#.....'.....#............#..
#.....#...@.#............#..
#######...5@#.##########'###
#.....)..###### ........)..
#........# ........<.% #........#
........... #........#
........... #........#
........... .##+######
####+######


You could see Eustachio and a white imp (summoned).

Vanquished Creatures
  A water moccasin (D:4)
  A black bear (D:5)
  3 ogres (D:5)
  Blork the orc (D:5)
  2 bombardier beetles
  An iguana (D:4)
  A sleepcap (D:5)
  Jessica (D:2)
  Ijyb (D:3)
  3 gnolls (D:5)
  8 adders
  A shadow imp (D:4)
  A dart slug (D:1)
  8 orcs
  5 endoplasms
  3 giant cockroaches
  7 goblins
  11 hobgoblins
  3 jackals (D:4)
  3 quokkas
  7 ball pythons
  9 bats
  3 frilled lizards
  5 kobolds
  4 rats
93 creatures vanquished.

Notes
Turn   | Place    | Note
-------+----------+-------------------------------------------
     0 | D:1      | qw the Spriggan Hunter began the quest for the Orb.
     0 | D:1      | Reached XP level 1. HP: 10/10 MP: 2/2
     0 | D:1      | 0 ||| qw: Version: 0.3-a-160-g6735b56
     0 | D:1      | 0 ||| qw: Game counter: 4580
     0 | D:1      | 0 ||| qw: Melee chars always use a shield: true
     0 | D:1      | 0 ||| qw: God list: Okawaru
     0 | D:1      | 0 ||| qw: Allow faded altars: false
     0 | D:1      | 0 ||| qw: Do Orc after clearing Dungeon:15 true
     0 | D:1      | 0 ||| qw: Do second Lair branch before Depths: true
     0 | D:1      | 0 ||| qw: Lair rune preference: random
     0 | D:1      | 0 ||| qw: Goals: Normal
     0 | D:1      | 0 ||| PLANNING D:1-11
    52 | D:1      | Reached skill level 3 in Dodging
   152 | D:1      | Reached XP level 2. HP: 14/14 MP: 3/3
   623 | D:1      | 623 ||| DROPPING +6 ring of intelligence.
   624 | D:1      | 624 ||| READING scroll labelled XISSOA KIUV.
   625 | D:1      | 625 ||| READING 2 scrolls labelled ZOLIPR DONU JESE.
   630 | D:1      | 630 ||| READING 2 scrolls labelled CIME HEUTITE.
   630 | D:1      | 630 ||| ENCHANTING +0 shortbow.
   631 | D:1      | 631 ||| DROPPING scroll of butterflies.
   775 | D:2      | Reached XP level 3. HP: 18/18 MP: 4/4
   890 | D:2      | 890 ||| FLEEEEING.
   997 | D:2      | Reached skill level 5 in Ranged Weapons
  1090 | D:2      | Noticed Jessica
  1098 | D:2      | Killed Jessica
  1099 | D:2      | Reached XP level 4. HP: 22/22 MP: 5/5
  1410 | D:2      | 1410 ||| READING scroll labelled HYHUTW NYCRUCK.
  1411 | D:2      | 1411 ||| READING scroll labelled ARITUHU QECHO.
  1411 | D:2      | 1411 ||| ENCHANTING +0 shortbow.
  1827 | D:3      | Noticed Ijyb
  1839 | D:3      | Killed Ijyb
  1840 | D:3      | Reached XP level 5. HP: 22/26 MP: 6/6
  1922 | D:3      | 1922 ||| READING scroll of enchant weapon.
  1922 | D:3      | 1922 ||| ENCHANTING +1 shortbow.
  2073 | D:3      | 2073 ||| UPGRADING to amulet of faith.
  2078 | D:3      | 2078 ||| READING 2 scrolls labelled FEM ROKIATEK.
  2078 | D:3      | 2078 ||| IDENTIFYING fuming red potion
  2079 | D:3      | 2079 ||| READING scroll of identify.
  2079 | D:3      | 2079 ||| IDENTIFYING fuming clear potion
  2080 | D:3      | 2080 ||| READING scroll labelled TOAFES ZO WYXUNAM.
  2181 | D:3      | 2181 ||| READING scroll labelled XAOPLEP ZESS.
  2230 | D:3      | 2230 ||| DRINKING 2 lumpy coppery potions.
  2231 | D:3      | 2231 ||| DRINKING 2 puce potions.
  2232 | D:3      | 2232 ||| DRINKING 2 blue potions.
  2233 | D:3      | 2233 ||| FLEEEEING.
  2234 | D:3      | 2234 ||| FLEEEEING.
  2235 | D:3      | 2235 ||| FLEEEEING.
  2236 | D:3      | 2236 ||| FLEEEEING.
  2237 | D:3      | 2237 ||| FLEEEEING.
  2238 | D:3      | 2238 ||| FLEEEEING.
  2239 | D:3      | 2239 ||| FLEEEEING.
  2240 | D:3      | 2240 ||| FLEEEEING.
  2241 | D:3      | 2241 ||| FLEEEEING.
  2242 | D:3      | 2242 ||| FLEEEEING.
  2243 | D:3      | 2243 ||| FLEEEEING.
  2244 | D:3      | 2244 ||| FLEEEEING.
  2245 | D:3      | 2245 ||| FLEEEEING.
  2246 | D:3      | 2246 ||| FLEEEEING.
  2247 | D:3      | 2247 ||| FLEEEEING.
  2248 | D:3      | 2248 ||| FLEEEEING.
  2249 | D:3      | 2249 ||| FLEEEEING.
  2250 | D:3      | 2250 ||| FLEEEEING.
  2251 | D:3      | 2251 ||| FLEEEEING.
  2252 | D:3      | 2252 ||| FLEEEEING.
  2253 | D:3      | 2253 ||| FLEEEEING.
  2254 | D:3      | 2254 ||| FLEEEEING.
  2255 | D:3      | 2255 ||| FLEEEEING.
  2256 | D:3      | 2256 ||| FLEEEEING.
  2257 | D:3      | 2257 ||| FLEEEEING.
  2258 | D:3      | 2258 ||| FLEEEEING.
  2259 | D:3      | 2259 ||| FLEEEEING.
  2260 | D:3      | 2260 ||| FLEEEEING.
  2261 | D:3      | 2261 ||| FLEEEEING.
  2262 | D:3      | 2262 ||| FLEEEEING.
  2263 | D:3      | 2263 ||| FLEEEEING.
  2264 | D:3      | 2264 ||| FLEEEEING.
  2265 | D:3      | 2265 ||| FLEEEEING.
  2266 | D:3      | 2266 ||| FLEEEEING.
  2267 | D:3      | 2267 ||| FLEEEEING.
  2268 | D:3      | 2268 ||| FLEEEEING.
  2269 | D:3      | 2269 ||| FLEEEEING.
  2270 | D:3      | 2270 ||| FLEEEEING.
  2271 | D:3      | 2271 ||| FLEEEEING.
  2272 | D:3      | 2272 ||| FLEEEEING.
  2273 | D:3      | 2273 ||| FLEEEEING.
  2274 | D:3      | 2274 ||| FLEEEEING.
  2275 | D:3      | 2275 ||| STAIRDANCE
  2277 | D:2      | 2277 ||| FLEEEEING.
  2278 | D:2      | 2278 ||| FLEEEEING.
  2279 | D:2      | 2279 ||| FLEEEEING.
  2280 | D:2      | 2280 ||| FLEEEEING.
  2281 | D:2      | 2281 ||| FLEEEEING.
  2282 | D:2      | 2282 ||| FLEEEEING.
  2283 | D:2      | 2283 ||| FLEEEEING.
  2284 | D:2      | 2284 ||| FLEEEEING.
  2285 | D:2      | 2285 ||| FLEEEEING.
  2286 | D:2      | 2286 ||| FLEEEEING.
  2287 | D:2      | 2287 ||| FLEEEEING.
  2288 | D:2      | 2288 ||| FLEEEEING.
  2289 | D:2      | 2289 ||| FLEEEEING.
  2290 | D:2      | 2290 ||| FLEEEEING.
  2291 | D:2      | 2291 ||| FLEEEEING.
  2292 | D:2      | 2292 ||| FLEEEEING.
  2293 | D:2      | 2293 ||| FLEEEEING.
  2294 | D:2      | 2294 ||| FLEEEEING.
  2295 | D:2      | 2295 ||| FLEEEEING.
  2296 | D:2      | 2296 ||| FLEEEEING.
  2297 | D:2      | 2297 ||| FLEEEEING.
  2298 | D:2      | 2298 ||| FLEEEEING.
  2299 | D:2      | 2299 ||| FLEEEEING.
  2300 | D:2      | 2300 ||| FLEEEEING.
  2301 | D:2      | 2301 ||| FLEEEEING.
  2302 | D:2      | 2302 ||| FLEEEEING.
  2303 | D:2      | 2303 ||| FLEEEEING.
  2304 | D:2      | 2304 ||| FLEEEEING.
  2305 | D:2      | 2305 ||| FLEEEEING.
  2306 | D:2      | 2306 ||| FLEEEEING.
  2307 | D:2      | 2307 ||| FLEEEEING.
  2308 | D:2      | 2308 ||| DROPPING potion of lignification.
  2309 | D:2      | 2309 ||| DROPPING potion of degeneration.
  2310 | D:2      | 2310 ||| DROPPING potion of brilliance.
  2311 | D:2      | 2311 ||| DROPPING potion of berserk rage.
  2365 | D:4      | 2365 ||| STAIRDANCE
  2377 | D:4      | 2377 ||| STAIRDANCE
  2399 | D:4      | 2399 ||| STAIRDANCE
  2566 | D:4      | HP: 5/26 [iguana (9)]
  2567 | D:4      | 2567 ||| READING scroll of teleportation.
  2570 | D:4      | Reached skill level 6 in Ranged Weapons
  2842 | D:4      | Noticed a water moccasin
  2854 | D:4      | Killed a water moccasin
  2855 | D:4      | Reached skill level 6 in Dodging
  2855 | D:4      | Reached XP level 6. HP: 13/30 MP: 7/7
  2988 | D:4      | Found a white marble altar of Elyvilon.
  3113 | D:4      | 3113 ||| UPGRADING to +4 ring of protection.
  3114 | D:4      | 3114 ||| READING scroll of identify.
  3114 | D:4      | 3114 ||| IDENTIFYING purple potion
  3115 | D:4      | 3115 ||| READING scroll labelled FORYZI MUNEILEB.
  3116 | D:4      | 3116 ||| DRINKING 2 murky amethyst potions.
  3117 | D:4      | 3117 ||| DROPPING potion of ambrosia.
  3146 | D:5      | Entered Level 5 of the Dungeon
  3156 | D:5      | Noticed Blork the orc
  3158 | D:5      | 3158 ||| FLEEEEING.
  3159 | D:5      | 3159 ||| FLEEEEING.
  3160 | D:5      | 3160 ||| FLEEEEING.
  3164 | D:5      | 3164 ||| FLEEEEING.
  3165 | D:5      | 3165 ||| FLEEEEING.
  3166 | D:5      | 3166 ||| FLEEEEING.
  3167 | D:5      | 3167 ||| FLEEEEING.
  3168 | D:5      | 3168 ||| FLEEEEING.
  3169 | D:5      | 3169 ||| STAIRDANCE
  3193 | D:5      | 3193 ||| STAIRDANCE
  3218 | D:5      | Killed Blork the orc
  3286 | D:5      | Reached skill level 7 in Ranged Weapons
  3286 | D:5      | Reached XP level 7. HP: 35/35 MP: 8/8
  3475 | D:5      | Found a staircase to the Ecumenical Temple.
  3476 | D:5      | 3476 ||| PLANNING TEMPLE
  3528 | D:5      | Noticed Eustachio
  3530 | D:5      | Reached skill level 8 in Ranged Weapons
  3566 | D:5      | 3566 ||| FLEEEEING.
  3569 | D:5      | 3569 ||| FLEEEEING.
  3571 | D:5      | 3571 ||| FLEEEEING.
  3572 | D:5      | 3572 ||| FLEEEEING.
  3577 | D:5      | 3577 ||| FLEEEEING.
  3578 | D:5      | 3578 ||| FLEEEEING.
  3579 | D:5      | 3579 ||| FLEEEEING.
  3580 | D:5      | 3580 ||| FLEEEEING.
  3581 | D:5      | 3581 ||| FLEEEEING.
  3582 | D:5      | 3582 ||| FLEEEEING.
  3583 | D:5      | 3583 ||| FLEEEEING.
  3584 | D:5      | 3584 ||| FLEEEEING.
  3585 | D:5      | 3585 ||| FLEEEEING.
  3587 | D:5      | 3587 ||| FLEEEEING.
  3588 | D:5      | 3588 ||| FLEEEEING.
  3590 | D:5      | 3590 ||| FLEEEEING.
  3591 | D:5      | 3591 ||| FLEEEEING.
  3604 | D:5      | 3604 ||| RETREEEEATING.
  3626 | D:5      | 3626 ||| RETREEEEATING.
  3629 | D:5      | HP: 8/35 [ufetubus[Eustachio] (3)]
  3630 | D:5      | 3630 ||| DRINKING potion of heal wounds.
  3634 | D:5      | 3634 ||| RETREEEEATING.
  3635 | D:5      | 3635 ||| RETREEEEATING.
  3649 | D:5      | HP: 7/35 [shadow imp/nerve-wracking pain[Eustachio] (13)]
  3655 | D:5      | HP: 7/35 [Eustachio/+0 falchion (2)]
  3661 | D:5      | HP: 6/35 [white imp/puff of frost[Eustachio] (2)]
  3662 | D:5      | Killed from afar by a white imp

Levels and vault maps discovered:
D:1:      dpeg_arrival_tiny_f, layout_loops_ring, st_stairs_11
D:2:      layout_basic, uniq_jessica
D:3:      layout_basic, uniq_ijyb
D:4:      layout_rooms, elyvilon_altar_1, minmay_misc_feat_pillars,
          nicolae_titane
D:5:      layout_gridville, minmay_temple_entry_statues,
          uniq_crazy_yiuf_cottage, uniq_blork_the_orc, uniq_eustachio

Skill      XL: |  1  2  3  4  5  6  7 |
---------------+----------------------+-----
Dodging        | 3 4 5 6 7 |  7.0
Ranged Weapons | 5 6 7 8 |  8.0
Fighting       | 2 |  2.2
Stealth        | |  1.5

Action                     |  1- 3 |  4- 6 |  7- 9 || total
---------------------------+-------+-------+-------++-------
   Fire: Shortbow          |   111 |   165 |   134 ||   410
    Use: Scroll            |     3 |    10 |       ||    13
         Potion            |       |     4 |     1 ||     5
 Armour: Robe              |     9 |    38 |    46 ||    93
  Dodge: Dodged            |    32 |    78 |   177 ||   287

Table legend:
 A = Non-vault XP
 B = Vault XP
 C = Vault XP percentage of total XP
 D = Non-vault monster count
 E = Vault monster count
 F = Vault count percentage of total count
                 A         B        C        D         E       F
            +---------+---------+-------+---------+---------+-------
      Total |    1068 |     172 |  13.9 |      86 |       7 |   7.5
            +---------+---------+-------+---------+---------+-------
        D:1 |      19 |       9 |  32.1 |      13 |       4 |  23.5
        D:2 |      82 |      37 |  31.1 |      23 |       1 |   4.2
        D:3 |      48 |      35 |  42.2 |      17 |       1 |   5.6
        D:4 |     297 |       0 |   0.0 |      21 |       0 |   0.0
        D:5 |     622 |      91 |  12.8 |      12 |       1 |   7.7
            +---------+---------+-------+---------+---------+-------
